 Dungeon Crawl Stone Soup version 0.30.1-9-gdf580d7c3d (webtiles) character file.

Game seed: 16356861685512896519

112 KittyFluff the Cudgeller (level 4, -7/29 HPs)
             Began as a Gargoyle Berserker on Oct 21, 2023.
             Was a Believer of Trog.
             Killed by divine providence
             ... invoked by an orc priest
              (13 damage)
             ... on level 3 of the Dungeon.
             The game lasted 00:05:41 (1401 turns).

KittyFluff the Cudgeller (Gargoyle Berserker)       Turns: 1401, Time: 00:05:42

Health: -7/29      AC:  7    Str: 23    XL:     4   Next: 95%
Magic:  4/4        EV: 11    Int:  7    God:    Trog [**....]
Gold:   91         SH:  0    Dex:  9    Spells: 3/3 levels left

rFire   + . .        d - +2 whip (venom)
rCold   + . .        (no shield)
rNeg    + . .        m - +0 leather armour
rPois   ∞            (no helmet)
rElec   +            i - scarf {rC+ rF+}
rCorr   .            (no gloves)
SInv    .            (no boots)
Will    .....        (no amulet)
Stlth   +            (no ring)
HPRegen 0.24/turn    (no ring)
MPRegen 0.09/turn

%: no passive effects
@: no status effects
A: sickness immunity, AC +3, negative energy resistance 1, electricity
resistance, torment resistance 1, petrification resistance
a: Renounce Religion, Berserk, Trog's Hand


You were on level 3 of the Dungeon.
You worshipped Trog.
Trog was pleased with you.
You visited 1 branch of the dungeon, and saw 3 of its levels.

You collected 91 gold pieces.

Inventory:

Hand Weapons
 a - a +0 mace
 d - a +2 whip of venom (weapon)
Missiles
 q - 2 boomerangs (quivered)
Armour
 c - a +2 ring mail of fire resistance
 i - a scarf of resistance (worn)
 m - a +0 leather armour (worn)
Scrolls
 b - a scroll of brand weapon {unknown}
 e - a scroll of vulnerability {unknown}
 f - 2 scrolls of identify {unknown}
 k - a scroll of magic mapping {unknown}
 l - a scroll of blinking {unknown}
 n - a scroll of enchant armour {unknown}
 o - 2 scrolls of teleportation {unknown}
Potions
 g - a potion of brilliance {unknown}
 h - 3 potions of curing {unknown}
 j - a potion of mutation {unknown}
 p - a potion of heal wounds {unknown}


   Skills:
 + Level 3.9 Fighting
 * Level 3.9 Maces & Flails
 * Level 3.6 Armour
 + Level 2.1 Dodging


You had 3 spell levels left.
You didn't know any spells.
Your spell library was empty.

Dungeon Overview and Level Annotations

Branches:
Dungeon (3/15)

Altars:
Xom


Innate Abilities, Weirdness & Mutations

You are immune to sickness and miasma.
Your stone body is resilient. (AC +3)
You are immune to poison.
You resist negative energy. (rN+)
You are resistant to electric shocks. (rElec)
You are resistant to unholy torment.
You are immune to petrification.


Message History

You barely miss the orc. The orc hits you but does no damage.
You barely miss the orc. The orc closely misses you.
You barely miss the orc. The orc hits you but does no damage.
You hit the orc.
The orc is poisoned.
The orc is moderately wounded.
The orc hits you but does no damage.
You whack the orc!
You kill the orc!
Trog accepts your kill.
The orc priest mumbles some strange prayers to Beogh against you.
Beogh smites you!
* * * LOW HITPOINT WARNING * * *
You hit the orc but do no damage.
The orc is poisoned.
The orc barely misses you.
You hit the orc.
The orc looks as sick as possible!
The orc is lightly wounded.
You hit the orc.
The orc looks as sick as possible!
The orc is severely wounded.
The orc closely misses you.
You hit the orc but do no damage.
The orc is almost dead.
You kill the orc!
Trog accepts your kill.
You barely miss the orc. The orc barely misses you.
You barely miss the orc.
The orc priest looks braver for a moment.
The orc closely misses you.
You hit the orc but do no damage. The orc misses you.
You closely miss the orc. The orc misses you.
You barely miss the orc. The orc hits you with a +0 mace.
* * * LOW HITPOINT WARNING * * *
You hit the orc but do no damage.
The orc is poisoned.
The orc priest looks satisfied for a moment.
The orc hits you with a +0 mace.
* * * LOW HITPOINT WARNING * * *
You hit the orc.
The orc looks as sick as possible!
The orc is moderately wounded.
The orc priest mumbles some strange prayers to Beogh against you.
Beogh smites you!
You die...

#.##.#.#.# #.##.#.#.#
######## #.##.#.#+##
#......### #.##.#<...#
+........####.##.##...#
#......oo...#.....'...#
#......#J#..####)##...#
#....o.#o#..####.##...###
#..o.<.#@#........+...'..
#..o####.######..##...###
#.oo #.# #..###### #...
#.# #..# #J.. #.. #..#
#.. ...# ... ##.## ##..
#.# #.


You could see 2 orc priests, an orc (extremely poisoned) and an endoplasm.

Vanquished Creatures
  5 adders (D:2)
  4 dart slugs
  3 orcs (D:3)
  2 bats
  8 endoplasms
  5 giant cockroaches
  3 goblins
  6 hobgoblins
  2 jackals (D:2)
  2 quokkas (D:2)
  3 ball pythons
  2 frilled lizards (D:2)
  4 kobolds
  4 rats
53 creatures vanquished.

Notes
Turn   | Place    | Note
-------+----------+-------------------------------------------
     0 | D:1      | KittyFluff the Gargoyle Berserker began the quest for the
                  | Orb.
     0 | D:1      | Reached XP level 1. HP: 14/14 MP: 1/1
    78 | D:1      | Reached XP level 2. HP: 17/19 MP: 2/2
   416 | D:1      | Reached XP level 3. HP: 23/23 MP: 3/3
   446 | D:1      | Reached ** piety under Trog
   792 | D:2      | Reached XP level 4. HP: 25/29 MP: 4/4
   799 | D:2      | Found a shimmering altar of Xom.
  1401 | D:3      | Killed from afar by an orc priest

Illustrated notes

Levels and vault maps discovered:
D:1:      dpeg_arrival_orchard, layout_loops_ring, hangedman_glass_teeth,
          minmay_indecisive_spiral
D:2:      layout_rooms, basic_altar, minmay_misc_feat_tiny
D:3:      layout_basic, ebering_ghost_reflecting_pool, palyth_stone_intersect

Skill      XL: |  1  2  3 |
---------------+----------+-----
Dodging        | 2 |  2.1
Armour         | 3 |  3.6
Fighting       | |  3.9
Maces & Flails | |  3.9

Action                     |  1- 3 |  4- 6 || total
---------------------------+-------+-------++-------
  Melee: Mace              |    19 |       ||    19
         Whip              |    66 |    73 ||   139
 Armour: Animal skin       |    27 |       ||    27
         Leather armour    |       |    13 ||    13
  Dodge: Dodged            |    50 |    50 ||   100
